 Dungeon Sprint DCSS version 0.21.1-1-g345015f (webtiles) character file.

107 Fang the Skirmisher (level 4, 0/51 HPs)
             Began as a Gargoyle Berserker on May 21, 2018.
             Was a Priest of Trog.
             Shot with a bolt by a yaktaur (12 damage)
             ... in the Dungeon (Sprint V: "Ziggurat Sprint").
             The game lasted 00:00:40 (142 turns).

Fang the Skirmisher (Gargoyle Berserker)             Turns: 142, Time: 00:00:41

Health: 0/51       AC: 20    Str: 33    XL:     4   Next: 85%
Magic:  4/4        EV: 10    Int:  7    God:    Trog [***...]
Gold:   0          SH:  0    Dex:  9    Spells: 3/3 levels left

rFire    . . .     SeeInvis .   l - +5 demon trident
rCold    . . .     Gourm    .   (no shield)
rNeg     + . .     Faith    .   j - +5 shadow dragon scales
rPois    ∞         Spirit   .   (no helmet)
rElec    +         Reflect  .   (no cloak)
rCorr    .         Harm     .   (no gloves)
MR       .....     NoTele   +   (no boots)
Stlth    ..........             (no amulet)
HPRegen  0.17/turn              G - ring of flight
MPRegen  0.09/turn              F - +6 ring of strength

@: berserking, very quick
A: negative energy resistance 1, electricity resistance, unbreathing,
petrification resistance, rot immunity, AC +3
a: Berserk, Trog's Hand, Burn Spellbooks, Renounce Religion, Evoke Flight


You were in the Dungeon.
You worshipped Trog.
Trog was most pleased with you.
You were not hungry.

You visited 1 branch

Inventory:

Hand Weapons
 k - a +5 executioner's axe
 l - a +5 demon trident (weapon)
Armour
 j - +5 shadow dragon scales (worn)
Jewellery
 F - a +6 ring of strength (right hand)
 G - a ring of flight (left hand)
Wands
 x - a wand of disintegration (7)
 y - a wand of iceblast (7)
 z - a wand of acid (7)
Scrolls
 i - 4 scrolls of blinking
 m - 7 scrolls of fog
 n - a scroll of holy word
 o - 5 scrolls of identify
 p - 5 scrolls of remove curse
 q - 2 scrolls of fear
Potions
 d - 10 potions of curing
 e - 10 potions of heal wounds
 f - 6 potions of haste
 g - 7 potions of magic
 h - 3 potions of berserk rage
 r - 2 potions of brilliance
 s - 2 potions of invisibility
 t - 4 potions of resistance
 u - a potion of experience
 v - 5 potions of agility
 w - 5 potions of might
Miscellaneous
 a - a box of beasts
Comestibles
 c - 7 rations


   Skills:
 + Level 7.0 Fighting
 + Level 5.3(5.6) Axes
 + Level 2.3(4.1) Polearms
 + Level 3.7 Armour
 + Level 2.8 Dodging


You had 3 spell levels left.
You didn't know any spells.

Dungeon Overview and Level Annotations

Branches:
Dungeon (1/1)

Altars:
Ashenzari
Cheibriados
Dithmenos
Elyvilon
Fedhas
Gozag
Hepliaklqana
Kikubaaqudgha
Makhleb
Nemelex Xobeh
Okawaru
Qazlal
Ru
Sif Muna
Trog
Uskayaw
Vehumet
Wu Jian
Xom
Yredelemnul
Zin
The Shining One
Beogh
Jiyva
Lugonu

Annotations:
D 1 transporter


Innate Abilities, Weirdness & Mutations

You are resistant to torment.
Your stone body is resilient. (AC +3)
You are immune to poison.
You resist negative energy. (rN+)
You are resistant to electric shocks. (rElec)
You can survive without breathing.
You are immune to petrification.
You are immune to rotting.


Message History

The centaur is heavily wounded.
The centaur shoots an arrow.
The arrow hits you but does no damage.
Attack whom?
Press: ? - help, Dir - move target cursor, f/p - centaur
Aim: a centaur, wielding a shortbow (heavily wounded)
You reach to attack!
You barely miss the centaur.
The centaur is heavily wounded.
Attack whom?
Press: ? - help, Dir - move target cursor, f/p - centaur
Aim: a centaur, wielding a shortbow (heavily wounded)
You puncture the centaur!
You kill the centaur!
Trog accepts your kill.
Your Fighting skill gained 2 levels and is now at level 7!
Your Axes skill increases to level 5!
Your base Polearms skill gained 2 levels and is now at level 2!
You have reached level 4!
You feel stronger.
The yaktaur shoots a bolt.
The bolt hits you!
You die...

▓▓▓▓▓▓▓▓▓▓▓▓▓
▓.8©8.▓.8©8.▓
▓.|}|.▓.....▓
▓.c.c.▓.....▓
▓.....▓.....▓
▓..)..▓.))..▓
▓..@..▓..©..▓
▓..©..▓▓▓▓▓▓▓
▓▓▓▓▓▓▓


You could see 2 yaktaurs.

Vanquished Creatures
  A centaur (D)
  An orc wizard (D)
  An orc (D)
3 creatures vanquished.

Notes
Turn   | Place    | Note
-------+----------+-------------------------------------------
     0 | D        | Found the +6 Majin-Bo {vamp, Archmagi MP+6 Int+6}
     0 | D        | Found the +7 great mace "Firestarter" {inner flame, rF++}
     0 | D        | Fang the Gargoyle Berserker began the quest for the Orb.
     0 | D        | Reached XP level 1. HP: 14/14 MP: 1/1
     3 | D        | Found a blossoming altar of Fedhas.
     4 | D        | Found a viscous altar of Jiyva.
     4 | D        | Found a hazy altar of Hepliaklqana.
     4 | D        | Found a transporter.
     4 | D        | Found an opulent altar of Gozag.
     4 | D        | Found an ancient bone altar of Kikubaaqudgha.
     4 | D        | Found a corrupted altar of Lugonu.
    10 | D        | Found a burning altar of Makhleb.
    11 | D        | Found a stormy altar of Qazlal.
    11 | D        | Found a sacrificial altar of Ru.
    11 | D        | Found an iron altar of Okawaru.
    11 | D        | Found a deep blue altar of Sif Muna.
    11 | D        | Found a sparkling altar of Nemelex Xobeh.
    11 | D        | Found a bloodstained altar of Trog.
    93 | D        | Entered arena 2.
    93 | D        | Noticed an orc wizard
    93 | D        | Found a transporter.
    97 | D        | Killed an orc wizard
    97 | D        | Reached skill level 5 in Fighting
    97 | D        | Reached XP level 2. HP: 21/21 MP: 2/2
    97 | D        | Reached XP level 3. HP: 26/26 MP: 3/3
    98 | D        | Reached ** piety under Trog
   136 | D        | Entered arena 3.
   136 | D        | Noticed a yaktaur
   136 | D        | Noticed a centaur
   136 | D        | Noticed a yaktaur
   136 | D        | Found a transporter.
   142 | D        | Killed a centaur
   142 | D        | Reached *** piety under Trog
   142 | D        | Reached skill level 7 in Fighting
   142 | D        | Reached skill level 5 in Axes
   142 | D        | Reached XP level 4. HP: 12/34 MP: 4/4
   142 | D        | Shot with a bolt by a yaktaur

Skill      XL: |  1  2  3 |
---------------+----------+-----
Fighting       | 5 7 |  7.0
Axes           | 4 5 |  5.3
Armour         | 3 |  3.7
Dodging        | 2 |  2.8
Polearms       | 2 |  2.3

Action                   |  1- 3 |  4- 6 || total
-------------------------+-------+-------++-------
Melee: Demon trident     |     8 |       ||     8
Invok: Berserk           |     2 |       ||     2
       Burn Spellbooks   |     1 |       ||     1
Armor: Shadow dragon sca |     2 |       ||     2
Dodge: Dodged            |     2 |       ||     2
